Mulligans vs Little Stars
Created - 6 novembre 2016 at 22:29
Goals
|
Mulligans |
1 |
1 |
2 |
0 |
4 |
Little Stars |
1 |
2 |
1 |
1 |
5 |
|
Shots
|
Mulligans |
8 |
18 |
13 |
0 |
39 |
Little Stars |
7 |
10 |
11 |
2 |
30 |
|
1st period
1. Little Stars , Marcus Johansson 4 (Andrej Nestrasil, Tyler Randell) at 11:42 (PP)
2. Mulligans , Tim Schaller 3 (Eric Tangradi, Matt Donovan) at 19:52
Penalties :
Oliver Lauridsen (Rep) for Slashing (Minor) at 6:14, Matt Beleskey (Rep) for Tripping (Minor) at 11:05
2nd period
3. Mulligans , Drayson Bowman 2 (Anton Lander, Matt Donovan) at 3:06
4. Little Stars , Andrej Nestrasil 4 (Sean Avery, Jared Spurgeon) at 5:51
5. Little Stars , Hugh Jessiman 5 (Dana Tyrell) at 17:03 (PP)
Penalties :
Anton Lander (Rep) for Hooking (Minor) at 0:53, Cody Goloubef (Rep) for Roughing (Minor) at 7:41, Matt Beleskey (Rep) for High sticking (Minor) at 12:39, Michael Del Zotto (Rep) for Roughing (Minor) at 16:59
3rd period
6. Mulligans , Anton Lander 2 (Jordan Szwarz, Drayson Bowman) at 8:08
7. Little Stars , Danny DeKeiser 1 (Jared Spurgeon, Peter Budaj) at 15:38 (SH)
8. Mulligans , Eric Tangradi 3 (Tim Schaller, Matt Donovan) at 16:40
Penalties :
Justin Faulk (Tex) for Roughing (Minor) at 14:19
Overtime #1
9. Little Stars , Marcus Johansson 5 (Sean Avery) at 0:08
Penalties :
No Penalty
Goalie Stats
Anders Lindback (Rep), 25 saves from 30 shots - (0,833), OTL, 3-1-2, 60:08 minutes
Peter Budaj (Tex), 35 saves from 39 shots - (0,897), W, 4-3-0, 60:08 minutes
Players Stats for Mulligans
Player Name G A P +/- PIM S H SB GA TA FO MP PP MP PK MP
------------------------------------------------------------------------------------
Anton Lander 1 1 2 1 2 4 2 1 0 0 7/11 15:44 0:00 3:24
Cade Fairchild 0 0 0 1 0 1 0 0 0 0 0/0 13:53 0:00 4:01
Chris Neil 0 0 0 -1 0 4 0 0 1 0 2/2 17:10 1:10 0:00
Cody Goloubef 0 0 0 1 2 1 0 0 1 2 0/0 13:43 0:33 2:47
Drayson Bowman 1 1 2 1 0 3 1 0 0 1 0/1 12:04 0:00 0:00
Eric Tangradi 1 1 2 2 0 1 1 0 1 0 0/0 7:59 0:00 0:30
Gord Baldwin 0 0 0 -1 0 0 1 2 0 0 0/0 20:42 0:00 4:36
Jan Hlavac 0 0 0 0 0 3 1 0 0 1 2/3 21:29 1:10 3:42
Jonathan Tremblay 0 0 0 -1 0 3 1 1 0 0 2/2 18:51 0:49 4:25
Jordan Szwarz 0 1 1 1 0 0 2 0 0 0 0/0 11:38 0:00 0:00
Logan Shaw 0 0 0 2 0 0 1 0 0 0 0/0 7:07 0:00 0:00
Matt Bartkowski 0 0 0 2 0 0 0 1 0 0 0/0 5:14 0:00 0:00
Matt Beleskey 0 0 0 -1 4 3 1 1 1 0 0/0 14:56 0:49 0:00
Matt Donovan 0 3 3 1 0 0 0 1 0 0 0/0 23:18 0:33 3:54
Maxime Macenauer 0 0 0 -1 0 5 0 0 1 1 7/10 18:03 0:49 3:05
Michael Del Zotto 0 0 0 -1 2 4 0 0 2 1 0/0 19:24 1:26 0:00
Nick Bonino 0 0 0 -1 0 6 4 1 1 0 14/24 17:22 1:10 0:11
Oliver Lauridsen 0 0 0 2 2 0 0 0 0 1 0/0 6:27 0:00 1:14
Thomas Hickey 0 0 0 -3 0 0 1 2 0 1 0/0 17:43 1:26 0:42
Tim Schaller 1 1 2 2 0 1 0 0 0 0 1/3 9:02 0:00 1:57
Players Stats for Little Stars
Player Name G A P +/- PIM S H SB GA TA FO MP PP MP PK MP
------------------------------------------------------------------------------------
Alexander Vasyunov 0 0 0 0 0 0 0 0 0 0 0/0 0:42 0:16 0:00
Andrej Nestrasil 1 1 2 1 0 1 3 0 0 1 1/6 16:57 4:29 0:00
Conor Allen 0 0 0 -1 0 0 0 0 0 0 0/0 4:58 0:00 0:00
Dana Tyrell 0 1 1 0 0 1 1 1 1 2 12/33 20:12 4:08 0:00
Danny DeKeiser 1 0 1 1 0 2 1 2 0 0 0/0 19:09 4:01 0:28
Hugh Jessiman 1 0 1 1 0 1 4 0 0 0 0/1 20:34 3:59 0:19
Jared Spurgeon 0 2 2 1 0 1 1 0 0 1 0/0 19:09 4:01 0:28
Jesse Joensuu 0 0 0 -1 0 2 1 1 1 0 0/0 12:14 0:00 0:19
Jonathan Huberdeau 0 0 0 0 0 0 0 0 0 0 0/0 0:28 0:00 0:05
Justin Faulk 0 0 0 -1 2 0 0 0 1 0 0/0 10:20 0:00 0:00
Marcus Johansson 2 0 2 1 0 11 2 0 3 0 1/2 22:06 4:29 1:35
Michael Mersch 0 0 0 0 0 0 0 0 0 0 0/0 0:22 0:00 0:07
Niklas Hjalmarsson 0 0 0 0 0 1 2 1 0 2 0/0 25:40 4:36 1:31
Oscar Lindberg 0 0 0 -2 0 0 0 0 0 0 1/3 8:31 0:00 0:00
Petter Granberg 0 0 0 -1 0 0 0 1 0 0 0/0 10:21 0:00 0:00
Raphael Diaz 0 0 0 0 0 3 2 3 0 0 0/0 25:40 4:36 1:31
Robert Klinkhammer 0 0 0 -2 0 1 0 2 0 0 0/0 8:31 0:00 0:00
Scott Harrington 0 0 0 0 0 0 0 0 0 0 0/0 0:00 0:00 0:00
Sean Avery 0 2 2 2 0 3 1 1 1 0 3/4 18:19 4:01 1:33
T.J. Tynan 0 0 0 -2 0 1 0 0 0 1 2/5 11:55 0:00 0:00
Tom Kuhnhackl 0 0 0 -2 0 2 0 0 0 0 1/1 11:55 0:00 0:00
Ty Rattie 0 0 0 -2 0 0 0 0 0 1 0/0 8:31 0:00 0:00
Tyler Randell 0 1 1 1 0 0 0 0 1 0 0/1 17:00 4:29 0:00
Tyler Wotherspoon 0 0 0 -1 0 0 0 0 0 0 0/0 4:58 0:00 0:00
3 Stars
1 - Marcus Johansson (Tex)
2 - Andrej Nestrasil (Tex)
3 - Eric Tangradi (Rep)
Power Play
Mulligans - 0 on 1 Attempt(s) - 0,00%
Little Stars - 2 on 6 Attempt(s) - 33,33%
Penalty Kill
Mulligans - 4 on 6 Attempt(s) - 66,67%
- Score 0 goal in Penalty Kill
Little Stars - 1 on 1 Attempt(s) - 100,00%
- Score 1 goal in Penalty Kill
Team Stat
Mulligans - Hits : 16 - Faceoff Wins : 35 - Blocked Shots : 10 - Penalty Minutes : 12
Little Stars - Hits : 18 - Faceoff Wins : 21 - Blocked Shots : 12 - Penalty Minutes : 2
Official
Referees : McCreary Bill and VanMassenhoven Don
Linesman : Pierre Racicot and Jay Sharrers
Game Notes
No Game Note
Finance
Level 1 -- Attendance: 1531 (76,55%) -- Ticket Income 53 585 $
Level 2 -- Attendance: 807 (80,70%) -- Ticket Income 12 105 $
Total Attendance: 2338 (77,93%)
Total Ticket Income: 65 690 $
Other Income: 3 284 $
Total Income: 68 974 $
Mulligans
5 vs 5 Forward
Center Left Wing Right Wing Time % Phy DF OF
1 Nick Bonino Jan Hlavac Chris Neil 40 0 2 3
2 Maxime Macenauer Matt Beleskey Jonathan Tremblay 30 0 2 3
3 Anton Lander Drayson Bowman Jordan Szwarz 20 0 2 3
4 Tim Schaller Eric Tangradi Logan Shaw 10 0 2 3
5 vs 5 Defense
Defense Defense Time % Phy DF OF
1 Michael Del Zotto Matt Donovan 40 0 3 2
2 Thomas Hickey Gord Baldwin 30 1 2 2
3 Cody Goloubef Cade Fairchild 20 1 3 1
4 Oliver Lauridsen Matt Bartkowski 10 1 4 0
PowerPlay Forward
Center Left Wing Right Wing Time % Phy DF OF
1 Nick Bonino Jan Hlavac Chris Neil 60 1 0 4
2 Maxime Macenauer Matt Beleskey Jonathan Tremblay 40 1 0 4
PowerPlay Defense
Defense Defense Time % Phy DF OF
1 Michael Del Zotto Thomas Hickey 65 0 1 4
2 Cody Goloubef Matt Donovan 35 0 2 3
Penalty Kill 4 Players Forward
Center Wing Time % Phy DF OF
1 Anton Lander Jonathan Tremblay 60 1 2 2
2 Maxime Macenauer Jan Hlavac 40 1 2 2
Penalty Kill 4 Players Defense
Defense Defense Time % Phy DF OF
1 Gord Baldwin Matt Donovan 60 1 2 2
2 Cade Fairchild Cody Goloubef 40 1 2 2
Penalty Kill - 3 Players Forward
Forward Time % Phy DF OF
1 Chris Neil 60 1 4 0
2 Nick Bonino 40 1 4 0
Penalty Kill - 3 Players Defense
Defense Defense Time % Phy DF OF
1 Gord Baldwin Matt Donovan 60 1 4 0
2 Cody Goloubef Cade Fairchild 40 1 4 0
4 vs 4 Forward
Center Wing Time % Phy DF OF
1 Nick Bonino Chris Neil 60 1 2 2
2 Maxime Macenauer Jan Hlavac 40 1 2 2
4 vs 4 Defense
Defense Defense Time % Phy DF OF
1 Michael Del Zotto Thomas Hickey 60 1 2 2
2 Gord Baldwin Matt Donovan 40 1 2 2
Last Minutes Offensive
Center Left Wing Right Wing Defense Defense
Nick Bonino Jan Hlavac Chris Neil Michael Del Zotto Thomas Hickey
Last Minutes Defensive
Center Left Wing Right Wing Defense Defense
Anton Lander Jan Hlavac Chris Neil Matt Donovan Gord Baldwin
Goaltenders
Starting : Anders Lindback
Backup : Calvin Pickard
Extra Forwards
Normal : Drayson Bowman, Eric Tangradi, Anton Lander - PP : Drayson Bowman, Eric Tangradi - PK : Anton Lander
Extra Defensemen
Normal : Cody Goloubef, Cade Fairchild, Oliver Lauridsen - PP : Cody Goloubef - PK : Cade Fairchild, Oliver Lauridsen
Penalty Shots
Chris Neil, Nick Bonino, Jonathan Tremblay, Jan Hlavac, Matt Beleskey
Little Stars
5 vs 5 Forward
Center Left Wing Right Wing Time % Phy DF OF
1 Dana Tyrell Marcus Johansson Hugh Jessiman 40 1 2 2
2 Andrej Nestrasil Sean Avery Tyler Randell 30 1 2 2
3 T.J. Tynan Jesse Joensuu Tom Kuhnhackl 20 1 2 2
4 Oscar Lindberg Robert Klinkhammer Ty Rattie 10 1 2 2
5 vs 5 Defense
Defense Defense Time % Phy DF OF
1 Raphael Diaz Niklas Hjalmarsson 40 1 2 2
2 Jared Spurgeon Danny DeKeiser 30 1 2 2
3 Justin Faulk Petter Granberg 20 1 2 2
4 Conor Allen Tyler Wotherspoon 10 1 2 2
PowerPlay Forward
Center Left Wing Right Wing Time % Phy DF OF
1 Dana Tyrell Sean Avery Hugh Jessiman 60 1 2 2
2 Andrej Nestrasil Marcus Johansson Tyler Randell 40 1 2 2
PowerPlay Defense
Defense Defense Time % Phy DF OF
1 Raphael Diaz Niklas Hjalmarsson 60 1 2 2
2 Jared Spurgeon Danny DeKeiser 40 1 2 2
Penalty Kill 4 Players Forward
Center Wing Time % Phy DF OF
1 Sean Avery Marcus Johansson 60 1 2 2
2 Hugh Jessiman Jesse Joensuu 40 1 2 2
Penalty Kill 4 Players Defense
Defense Defense Time % Phy DF OF
1 Raphael Diaz Niklas Hjalmarsson 60 1 2 2
2 Jared Spurgeon Danny DeKeiser 40 1 2 2
Penalty Kill - 3 Players Forward
Forward Time % Phy DF OF
1 Sean Avery 60 1 2 2
2 Marcus Johansson 40 1 2 2
Penalty Kill - 3 Players Defense
Defense Defense Time % Phy DF OF
1 Raphael Diaz Niklas Hjalmarsson 60 1 2 2
2 Jared Spurgeon Danny DeKeiser 40 1 2 2
4 vs 4 Forward
Center Wing Time % Phy DF OF
1 Sean Avery Marcus Johansson 60 1 2 2
2 Hugh Jessiman Jesse Joensuu 40 1 2 2
4 vs 4 Defense
Defense Defense Time % Phy DF OF
1 Raphael Diaz Niklas Hjalmarsson 60 1 2 2
2 Jared Spurgeon Danny DeKeiser 40 1 2 2
Last Minutes Offensive
Center Left Wing Right Wing Defense Defense
Dana Tyrell Sean Avery Hugh Jessiman Raphael Diaz Niklas Hjalmarsson
Last Minutes Defensive
Center Left Wing Right Wing Defense Defense
Dana Tyrell Sean Avery Hugh Jessiman Raphael Diaz Niklas Hjalmarsson
Goaltenders
Starting : Peter Budaj
Backup : Ben Scrivens
Extra Forwards
Normal : Alexander Vasyunov, Jonathan Huberdeau, Michael Mersch - PP : Alexander Vasyunov, Jonathan Huberdeau - PK : Michael Mersch
Extra Defensemen
Normal : Scott Harrington, Justin Faulk, Petter Granberg - PP : Scott Harrington - PK : Justin Faulk, Petter Granberg
Penalty Shots
Sean Avery, Marcus Johansson, Hugh Jessiman, Jesse Joensuu, Dana Tyrell
% Time on Ice - Mulligans
Lines # - Real PCT - Wanted PCT - Time Play
Normal Forward
1 - 34% - 40% - 16:36
2 - 29% - 30% - 14:09
3 - 24% - 20% - 11:38
4 - 14% - 10% - 7:01
Normal Defense
1 - 38% - 40% - 18:46
2 - 33% - 30% - 16:19
3 - 18% - 20% - 9:05
4 - 11% - 10% - 5:14
PP Forward
1 - 59% - 60% - 1:10
2 - 41% - 40% - 0:49
PP Defense
1 - 72% - 65% - 1:26
2 - 28% - 35% - 0:33
PK Forward
1 - 73% - 60% - 6:19
2 - 27% - 40% - 2:18
PK Defense
1 - 53% - 60% - 4:36
2 - 47% - 40% - 4:01
PK3 Forward
1 - 0% - 60%
2 - 0% - 40%
PK3 Defense
1 - 0% - 60%
2 - 0% - 40%
44 Forward
1 - 100% - 60% - 0:08
2 - 0% - 40% - 0:00
44 Defense
1 - 100% - 60% - 0:08
2 - 0% - 40% - 0:00
Last Minute Offensive - 0:00
Last Minute Defensive - 0:00
Total
Forward - 60:08
Defense - 60:08
|
% Time on Ice - Little Stars
Lines # - Real PCT - Wanted PCT - Time Play
Normal Forward
1 - 33% - 40% - 16:04
2 - 26% - 30% - 12:54
3 - 24% - 20% - 11:55
4 - 17% - 10% - 8:31
Normal Defense
1 - 39% - 40% - 19:25
2 - 30% - 30% - 14:40
3 - 21% - 20% - 10:21
4 - 10% - 10% - 4:58
PP Forward
1 - 48% - 60% - 4:08
2 - 52% - 40% - 4:29
PP Defense
1 - 53% - 60% - 4:36
2 - 47% - 40% - 4:01
PK Forward
1 - 84% - 60% - 1:40
2 - 16% - 40% - 0:19
PK Defense
1 - 76% - 60% - 1:31
2 - 24% - 40% - 0:28
PK3 Forward
1 - 0% - 60%
2 - 0% - 40%
PK3 Defense
1 - 0% - 60%
2 - 0% - 40%
44 Forward
1 - 100% - 60% - 0:08
2 - 0% - 40% - 0:00
44 Defense
1 - 100% - 60% - 0:08
2 - 0% - 40% - 0:00
Last Minute Offensive - 0:00
Last Minute Defensive - 0:00
Total
Forward - 60:08
Defense - 60:08
|
Play by Play
1st period
0:01 of 1st period - Nick Bonino wins face-off versus Dana Tyrell in neutral zone.
0:28 of 1st period - Niklas Hjalmarsson is hit by Anton Lander.
0:40 of 1st period - Snap shot by Sean Avery.
0:40 of 1st period - Shot Misses the Net.
1:12 of 1st period - Raphael Diaz is hit by Gord Baldwin and loses puck.
1:51 of 1st period - Snap shot by Marcus Johansson.
1:51 of 1st period - Stopped by Anders Lindback with a rebound.
1:53 of 1st period - Slapshot by Niklas Hjalmarsson.
1:53 of 1st period - Shot Blocked by Matt Bartkowski.
1:55 of 1st period - Wrist shot by Niklas Hjalmarsson.
1:55 of 1st period - Deflect By Marcus Johansson.
1:55 of 1st period - Stopped by Anders Lindback with a rebound.
3:18 of 1st period - Snap shot by Drayson Bowman.
3:18 of 1st period - Stopped by Peter Budaj with a rebound.
3:20 of 1st period - Slapshot by Matt Donovan.
3:20 of 1st period - Shot Blocked by Petter Granberg.
3:22 of 1st period - Slapshot by Jordan Szwarz.
3:22 of 1st period - Shot Misses the Net.
4:07 of 1st period - T.J. Tynan is hit by Nick Bonino and loses puck.
5:18 of 1st period - Wrist shot by Marcus Johansson.
5:18 of 1st period - Shot Misses the Net.
5:58 of 1st period - Tom Kuhnhackl is hit by Matt Beleskey and loses puck.
6:07 of 1st period - Backhand shot by Jesse Joensuu.
6:07 of 1st period - Stopped by Anders Lindback with a rebound.
6:09 of 1st period - Slapshot by Danny DeKeiser.
6:09 of 1st period - Shot Blocked by Thomas Hickey.
6:11 of 1st period - Slapshot by Jared Spurgeon.
6:11 of 1st period - Deflect By Jesse Joensuu.
6:11 of 1st period - Shot Misses the Net.
6:11 of 1st period - Puck is out of play.
6:12 of 1st period - Nick Bonino wins face-off versus Dana Tyrell in Mulligans zone.
6:14 of 1st period - Minor Penalty to Oliver Lauridsen for Slashing.
6:15 of 1st period - Dana Tyrell wins face-off versus Anton Lander in Mulligans zone.
6:19 of 1st period - Wrist shot by Sean Avery.
6:19 of 1st period - Shot Misses the Net.
6:49 of 1st period - Backhand shot by Marcus Johansson.
6:49 of 1st period - Stopped by Anders Lindback with a rebound.
6:51 of 1st period - Slapshot by Raphael Diaz.
6:51 of 1st period - Stopped by Anders Lindback with a rebound.
7:13 of 1st period - Cody Goloubef is hit by Marcus Johansson and loses puck.
7:40 of 1st period - Jan Hlavac is hit by Niklas Hjalmarsson and loses puck.
7:51 of 1st period - Niklas Hjalmarsson is hit by Thomas Hickey and loses puck.
8:14 of 1st period - Penalty to Oliver Lauridsen is over, Oliver Lauridsen is back on ice.
8:20 of 1st period - Snap shot by Eric Tangradi.
8:20 of 1st period - Shot Blocked by Danny DeKeiser.
10:25 of 1st period - Slapshot by Raphael Diaz.
10:25 of 1st period - Shot Blocked by Matt Donovan.
10:47 of 1st period - Slapshot by Eric Tangradi.
10:47 of 1st period - Shot Misses the Net.
11:05 of 1st period - Minor Penalty to Matt Beleskey for Tripping.
11:06 of 1st period - Anton Lander wins face-off versus Dana Tyrell in Mulligans zone.
11:42 of 1st period - Slapshot by Andrej Nestrasil.
11:42 of 1st period - Deflect By Marcus Johansson.
11:42 of 1st period - Goal by Marcus Johansson - Mulligans : 0 - Little Stars : 1.
11:43 of 1st period - Dana Tyrell wins face-off versus Nick Bonino in neutral zone.
12:08 of 1st period - Niklas Hjalmarsson is hit by Jonathan Tremblay and loses puck.
12:17 of 1st period - Wrist shot by Jonathan Tremblay.
12:17 of 1st period - Stopped by Peter Budaj with a rebound.
13:34 of 1st period - Snap shot by Maxime Macenauer.
13:34 of 1st period - Shot Misses the Net.
14:32 of 1st period - Jared Spurgeon is hit by Logan Shaw and loses puck.
14:59 of 1st period - Backhand shot by Jordan Szwarz.
14:59 of 1st period - Shot Misses the Net.
15:01 of 1st period - Snap shot by Anton Lander.
15:01 of 1st period - Shot Misses the Net.
15:03 of 1st period - Snap shot by Drayson Bowman.
15:03 of 1st period - Stopped by Peter Budaj with a rebound.
15:05 of 1st period - Slapshot by Matt Donovan.
15:05 of 1st period - Shot Misses the Net.
15:39 of 1st period - Snap shot by Nick Bonino.
15:39 of 1st period - Stopped by Peter Budaj with a rebound.
15:57 of 1st period - Chris Neil is hit by Jared Spurgeon and loses puck.
16:04 of 1st period - Snap shot by Jan Hlavac.
16:04 of 1st period - Shot Misses the Net.
16:40 of 1st period - Wrist shot by Maxime Macenauer.
16:40 of 1st period - Shot Misses the Net.
16:42 of 1st period - Snap shot by Matt Beleskey.
16:42 of 1st period - Stopped by Peter Budaj without a rebound.
16:43 of 1st period - Maxime Macenauer wins face-off versus Andrej Nestrasil in Little Stars zone.
16:44 of 1st period - Snap shot by Matt Beleskey.
16:44 of 1st period - Deflect By Jonathan Tremblay.
16:44 of 1st period - Stopped by Peter Budaj without a rebound.
16:45 of 1st period - Dana Tyrell wins face-off versus Maxime Macenauer in Little Stars zone.
17:30 of 1st period - Slapshot by Matt Beleskey.
17:30 of 1st period - Shot Misses the Net.
17:32 of 1st period - Slapshot by Matt Bartkowski.
17:32 of 1st period - Deflect By Maxime Macenauer.
17:32 of 1st period - Shot Misses the Net.
17:32 of 1st period - Puck is out of play.
17:33 of 1st period - Nick Bonino wins face-off versus Tyler Randell in Little Stars zone.
17:58 of 1st period - Anton Lander is hit by Dana Tyrell and loses puck.
18:09 of 1st period - Wrist shot by Marcus Johansson.
18:09 of 1st period - Shot Misses the Net.
18:23 of 1st period - Snap shot by Logan Shaw.
18:23 of 1st period - Shot Blocked by Danny DeKeiser.
19:28 of 1st period - Slapshot by Anton Lander.
19:28 of 1st period - Stopped by Peter Budaj with a rebound.
19:52 of 1st period - Snap shot by Tim Schaller.
19:52 of 1st period - Goal by Tim Schaller - Mulligans : 1 - Little Stars : 1.
19:53 of 1st period - Dana Tyrell wins face-off versus Nick Bonino in neutral zone.
19:58 of 1st period - Wrist shot by Marcus Johansson.
19:58 of 1st period - Stopped by Anders Lindback with a rebound.
Goals for this period are 1 for Mulligans vs 1 for Little Stars.
Shots for this period are 8 for Mulligans vs 7 for Little Stars.
2nd period
0:01 of 2nd period - Nick Bonino wins face-off versus Dana Tyrell in neutral zone.
0:04 of 2nd period - Slapshot by Thomas Hickey.
0:04 of 2nd period - Shot Blocked by Dana Tyrell.
0:12 of 2nd period - Chris Neil is hit by Hugh Jessiman and loses puck.
0:53 of 2nd period - Minor Penalty to Anton Lander for Hooking.
0:54 of 2nd period - Tim Schaller wins face-off versus Dana Tyrell in Mulligans zone.
2:36 of 2nd period - Hugh Jessiman is hit by Nick Bonino and loses puck.
2:53 of 2nd period - Penalty to Anton Lander is over, Anton Lander is back on ice.
3:02 of 2nd period - Snap shot by Anton Lander.
3:02 of 2nd period - Stopped by Peter Budaj with a rebound.
3:04 of 2nd period - Snap shot by Anton Lander.
3:04 of 2nd period - Shot Blocked by Niklas Hjalmarsson.
3:06 of 2nd period - Slapshot by Drayson Bowman.
3:06 of 2nd period - Goal by Drayson Bowman - Mulligans : 2 - Little Stars : 1.
3:07 of 2nd period - Nick Bonino wins face-off versus T.J. Tynan in neutral zone.
3:33 of 2nd period - Cody Goloubef is hit by Danny DeKeiser and loses puck.
4:11 of 2nd period - Niklas Hjalmarsson is hit by Eric Tangradi and loses puck.
4:28 of 2nd period - Wrist shot by Nick Bonino.
4:28 of 2nd period - Shot Blocked by Robert Klinkhammer.
4:30 of 2nd period - Wrist shot by Chris Neil.
4:30 of 2nd period - Deflect By Jan Hlavac.
4:30 of 2nd period - Shot Misses the Net.
4:30 of 2nd period - Puck is out of play.
4:31 of 2nd period - Maxime Macenauer wins face-off versus Dana Tyrell in Little Stars zone.
5:03 of 2nd period - Wrist shot by Jesse Joensuu.
5:03 of 2nd period - Deflect By Tom Kuhnhackl.
5:03 of 2nd period - Stopped by Anders Lindback with a rebound.
5:07 of 2nd period - Snap shot by Jesse Joensuu.
5:07 of 2nd period - Shot Misses the Net.
5:19 of 2nd period - Slapshot by Michael Del Zotto.
5:19 of 2nd period - Deflect By Jordan Szwarz.
5:19 of 2nd period - Shot Misses the Net.
5:19 of 2nd period - Puck is out of play.
5:20 of 2nd period - Anton Lander wins face-off versus Andrej Nestrasil in Little Stars zone.
5:49 of 2nd period - Snap shot by Andrej Nestrasil.
5:49 of 2nd period - Shot Misses the Net.
5:51 of 2nd period - Snap shot by Andrej Nestrasil.
5:51 of 2nd period - Goal by Andrej Nestrasil - Mulligans : 2 - Little Stars : 2.
5:52 of 2nd period - Nick Bonino wins face-off versus Marcus Johansson in neutral zone.
6:18 of 2nd period - Maxime Macenauer is hit by Sean Avery and loses puck.
6:23 of 2nd period - Snap shot by Sean Avery.
6:23 of 2nd period - Shot Misses the Net.
6:42 of 2nd period - Slapshot by Jared Spurgeon.
6:42 of 2nd period - Stopped by Anders Lindback with a rebound.
6:44 of 2nd period - Backhand shot by Jesse Joensuu.
6:44 of 2nd period - Deflect By T.J. Tynan.
6:44 of 2nd period - Stopped by Anders Lindback without a rebound.
6:45 of 2nd period - Anton Lander wins face-off versus Dana Tyrell in Mulligans zone.
7:10 of 2nd period - Justin Faulk is hit by Nick Bonino and loses puck.
7:19 of 2nd period - Snap shot by Jan Hlavac.
7:19 of 2nd period - Stopped by Peter Budaj without a rebound.
7:20 of 2nd period - Maxime Macenauer wins face-off versus Dana Tyrell in Little Stars zone.
7:29 of 2nd period - Matt Beleskey is hit by Hugh Jessiman.
7:41 of 2nd period - Minor Penalty to Cody Goloubef for Roughing.
7:42 of 2nd period - Anton Lander wins face-off versus Dana Tyrell in Mulligans zone.
8:24 of 2nd period - Danny DeKeiser is hit by Anton Lander and loses puck.
8:31 of 2nd period - Anton Lander is hit by Andrej Nestrasil and loses puck.
8:38 of 2nd period - Backhand shot by Raphael Diaz.
8:38 of 2nd period - Shot Blocked by Jonathan Tremblay.
8:50 of 2nd period - Cade Fairchild is hit by Marcus Johansson and loses puck.
9:31 of 2nd period - Snap shot by Marcus Johansson.
9:31 of 2nd period - Stopped by Anders Lindback without a rebound.
9:32 of 2nd period - Dana Tyrell wins face-off versus Anton Lander in Mulligans zone.
9:35 of 2nd period - Snap shot by Hugh Jessiman.
9:35 of 2nd period - Shot Blocked by Gord Baldwin.
9:41 of 2nd period - Penalty to Cody Goloubef is over, Cody Goloubef is back on ice.
9:56 of 2nd period - Icing by Logan Shaw.
9:57 of 2nd period - Tom Kuhnhackl wins face-off versus Tim Schaller in Mulligans zone.
9:58 of 2nd period - Snap shot by Jesse Joensuu.
9:58 of 2nd period - Shot Misses the Net.
10:22 of 2nd period - Cade Fairchild is hit by Niklas Hjalmarsson and loses puck.
10:29 of 2nd period - Slapshot by Nick Bonino.
10:29 of 2nd period - Stopped by Peter Budaj with a rebound.
11:19 of 2nd period - Icing by Jared Spurgeon.
11:20 of 2nd period - Nick Bonino wins face-off versus Oscar Lindberg in Little Stars zone.
11:41 of 2nd period - Snap shot by Jared Spurgeon.
11:41 of 2nd period - Deflect By Robert Klinkhammer.
11:41 of 2nd period - Stopped by Anders Lindback without a rebound.
11:42 of 2nd period - Maxime Macenauer wins face-off versus Dana Tyrell in Mulligans zone.
12:17 of 2nd period - Snap shot by Nick Bonino.
12:17 of 2nd period - Stopped by Peter Budaj without a rebound.
12:18 of 2nd period - Maxime Macenauer wins face-off versus Dana Tyrell in Little Stars zone.
12:19 of 2nd period - Slapshot by Michael Del Zotto.
12:19 of 2nd period - Stopped by Peter Budaj with a rebound.
12:33 of 2nd period - Slapshot by Marcus Johansson.
12:33 of 2nd period - Shot Misses the Net.
12:39 of 2nd period - Minor Penalty to Matt Beleskey for High sticking.
12:40 of 2nd period - Anton Lander wins face-off versus Dana Tyrell in Mulligans zone.
12:40 of 2nd period - Anton Lander is hit by Raphael Diaz.
12:52 of 2nd period - Gord Baldwin is hit by Hugh Jessiman and loses puck.
13:05 of 2nd period - Niklas Hjalmarsson is hit by Jan Hlavac and loses puck.
13:12 of 2nd period - Gord Baldwin is hit by Andrej Nestrasil and loses puck.
14:39 of 2nd period - Penalty to Matt Beleskey is over, Matt Beleskey is back on ice.
14:49 of 2nd period - Slapshot by Robert Klinkhammer.
14:49 of 2nd period - Shot Misses the Net.
14:57 of 2nd period - Snap shot by Matt Beleskey.
14:57 of 2nd period - Deflect By Jan Hlavac.
14:57 of 2nd period - Stopped by Peter Budaj with a rebound.
14:59 of 2nd period - Wrist shot by Maxime Macenauer.
14:59 of 2nd period - Stopped by Peter Budaj with a rebound.
15:03 of 2nd period - Slapshot by Maxime Macenauer.
15:03 of 2nd period - Stopped by Peter Budaj with a rebound.
15:05 of 2nd period - Snap shot by Jan Hlavac.
15:05 of 2nd period - Deflect By Matt Beleskey.
15:05 of 2nd period - Stopped by Peter Budaj with a rebound.
15:09 of 2nd period - Wrist shot by Matt Beleskey.
15:09 of 2nd period - Stopped by Peter Budaj with a rebound.
15:11 of 2nd period - Slapshot by Cade Fairchild.
15:11 of 2nd period - Stopped by Peter Budaj with a rebound.
15:13 of 2nd period - Wrist shot by Matt Beleskey.
15:13 of 2nd period - Shot Misses the Net.
15:15 of 2nd period - Slapshot by Matt Beleskey.
15:15 of 2nd period - Shot Misses the Net.
15:17 of 2nd period - Snap shot by Maxime Macenauer.
15:17 of 2nd period - Stopped by Peter Budaj with a rebound.
15:19 of 2nd period - Wrist shot by Maxime Macenauer.
15:19 of 2nd period - Stopped by Peter Budaj with a rebound.
15:23 of 2nd period - Snap shot by Maxime Macenauer.
15:23 of 2nd period - Shot Blocked by Robert Klinkhammer.
15:25 of 2nd period - Wrist shot by Cody Goloubef.
15:25 of 2nd period - Stopped by Peter Budaj without a rebound.
15:26 of 2nd period - T.J. Tynan wins face-off versus Drayson Bowman in Little Stars zone.
15:26 of 2nd period - T.J. Tynan is hit by Jordan Szwarz.
15:42 of 2nd period - Slapshot by Raphael Diaz.
15:42 of 2nd period - Stopped by Anders Lindback without a rebound.
15:43 of 2nd period - Marcus Johansson wins face-off versus Tim Schaller in Mulligans zone.
15:44 of 2nd period - Slapshot by Raphael Diaz.
15:44 of 2nd period - Shot Blocked by Gord Baldwin.
15:46 of 2nd period - Wrist shot by Dana Tyrell.
15:46 of 2nd period - Shot Misses the Net.
15:48 of 2nd period - Slapshot by Niklas Hjalmarsson.
15:48 of 2nd period - Shot Misses the Net.
16:37 of 2nd period - Snap shot by Maxime Macenauer.
16:37 of 2nd period - Stopped by Peter Budaj without a rebound.
16:38 of 2nd period - Maxime Macenauer wins face-off versus Dana Tyrell in Little Stars zone.
16:59 of 2nd period - Minor Penalty to Michael Del Zotto for Roughing.
17:00 of 2nd period - Dana Tyrell wins face-off versus Anton Lander in Mulligans zone.
17:03 of 2nd period - Snap shot by Dana Tyrell.
17:03 of 2nd period - Deflect By Hugh Jessiman.
17:03 of 2nd period - Goal by Hugh Jessiman - Mulligans : 2 - Little Stars : 3.
17:04 of 2nd period - Nick Bonino wins face-off versus Dana Tyrell in neutral zone.
17:19 of 2nd period - Snap shot by Marcus Johansson.
17:19 of 2nd period - Stopped by Anders Lindback without a rebound.
17:20 of 2nd period - Maxime Macenauer wins face-off versus Andrej Nestrasil in Mulligans zone.
17:31 of 2nd period - Slapshot by Michael Del Zotto.
17:31 of 2nd period - Deflect By Maxime Macenauer.
17:31 of 2nd period - Shot Misses the Net.
17:31 of 2nd period - Puck is out of play.
17:32 of 2nd period - Nick Bonino wins face-off versus Dana Tyrell in Little Stars zone.
17:33 of 2nd period - Snap shot by Chris Neil.
17:33 of 2nd period - Stopped by Peter Budaj without a rebound.
17:34 of 2nd period - Chris Neil wins face-off versus Dana Tyrell in Little Stars zone.
17:53 of 2nd period - Nick Bonino is hit by Raphael Diaz and loses puck.
18:04 of 2nd period - Wrist shot by Michael Del Zotto.
18:04 of 2nd period - Deflect By Maxime Macenauer.
18:04 of 2nd period - Shot Misses the Net.
18:04 of 2nd period - Puck is out of play.
18:05 of 2nd period - Jonathan Tremblay wins face-off versus Andrej Nestrasil in Little Stars zone.
18:12 of 2nd period - Slapshot by Jared Spurgeon.
18:12 of 2nd period - Deflect By Andrej Nestrasil.
18:12 of 2nd period - Shot Misses the Net.
18:12 of 2nd period - Puck is out of play.
18:13 of 2nd period - Nick Bonino wins face-off versus Dana Tyrell in Mulligans zone.
18:26 of 2nd period - Wrist shot by Dana Tyrell.
18:26 of 2nd period - Stopped by Anders Lindback with a rebound.
18:56 of 2nd period - Icing by Gord Baldwin.
18:57 of 2nd period - Anton Lander wins face-off versus T.J. Tynan in Mulligans zone.
19:30 of 2nd period - Slapshot by Michael Del Zotto.
19:30 of 2nd period - Stopped by Peter Budaj with a rebound.
19:41 of 2nd period - Icing by T.J. Tynan.
19:42 of 2nd period - Dana Tyrell wins face-off versus Nick Bonino in Little Stars zone.
Goals for this period are 1 for Mulligans vs 2 for Little Stars.
Shots for this period are 18 for Mulligans vs 10 for Little Stars.
3rd period
0:01 of 3rd period - Dana Tyrell wins face-off versus Nick Bonino in neutral zone.
1:18 of 3rd period - Petter Granberg is hit by Drayson Bowman and loses puck.
2:42 of 3rd period - Backhand shot by Nick Bonino.
2:42 of 3rd period - Shot Blocked by Jesse Joensuu.
2:44 of 3rd period - Wrist shot by Nick Bonino.
2:44 of 3rd period - Shot Misses the Net.
3:06 of 3rd period - Slapshot by Matt Donovan.
3:06 of 3rd period - Deflect By Anton Lander.
3:06 of 3rd period - Stopped by Peter Budaj with a rebound.
3:14 of 3rd period - Drayson Bowman is hit by Hugh Jessiman and loses puck.
3:21 of 3rd period - Wrist shot by Marcus Johansson.
3:21 of 3rd period - Stopped by Anders Lindback without a rebound.
3:22 of 3rd period - Andrej Nestrasil wins face-off versus Nick Bonino in Mulligans zone.
4:26 of 3rd period - Snap shot by Tom Kuhnhackl.
4:26 of 3rd period - Stopped by Anders Lindback without a rebound.
4:27 of 3rd period - T.J. Tynan wins face-off versus Anton Lander in Mulligans zone.
4:28 of 3rd period - Wrist shot by Jesse Joensuu.
4:28 of 3rd period - Stopped by Anders Lindback with a rebound.
4:30 of 3rd period - Wrist shot by Jesse Joensuu.
4:30 of 3rd period - Shot Misses the Net.
5:13 of 3rd period - Wrist shot by Sean Avery.
5:13 of 3rd period - Shot Misses the Net.
6:38 of 3rd period - Snap shot by Sean Avery.
6:38 of 3rd period - Stopped by Anders Lindback without a rebound.
6:39 of 3rd period - Jan Hlavac wins face-off versus Andrej Nestrasil in Mulligans zone.
8:08 of 3rd period - Slapshot by Anton Lander.
8:08 of 3rd period - Goal by Anton Lander - Mulligans : 3 - Little Stars : 3.
8:09 of 3rd period - Nick Bonino wins face-off versus Dana Tyrell in neutral zone.
8:24 of 3rd period - Slapshot by Dana Tyrell.
8:24 of 3rd period - Shot Misses the Net.
9:36 of 3rd period - Wrist shot by Tom Kuhnhackl.
9:36 of 3rd period - Shot Misses the Net.
9:51 of 3rd period - Icing by Conor Allen.
9:52 of 3rd period - Jonathan Tremblay wins face-off versus T.J. Tynan in Little Stars zone.
9:53 of 3rd period - Backhand shot by Michael Del Zotto.
9:53 of 3rd period - Deflect By Jesse Joensuu.
9:53 of 3rd period - Stopped by Peter Budaj with a rebound.
10:31 of 3rd period - Niklas Hjalmarsson is hit by Nick Bonino and loses puck.
10:38 of 3rd period - Wrist shot by Raphael Diaz.
10:38 of 3rd period - Stopped by Anders Lindback without a rebound.
10:39 of 3rd period - Dana Tyrell wins face-off versus Maxime Macenauer in Mulligans zone.
10:40 of 3rd period - Snap shot by Marcus Johansson.
10:40 of 3rd period - Shot Blocked by Matt Beleskey.
11:14 of 3rd period - Snap shot by Sean Avery.
11:14 of 3rd period - Shot Misses the Net.
11:16 of 3rd period - Wrist shot by Sean Avery.
11:16 of 3rd period - Stopped by Anders Lindback with a rebound.
11:18 of 3rd period - Snap shot by Sean Avery.
11:18 of 3rd period - Shot Misses the Net.
11:28 of 3rd period - Matt Bartkowski is hit by Andrej Nestrasil and loses puck.
12:19 of 3rd period - Michael Del Zotto is hit by Jesse Joensuu and loses puck.
12:40 of 3rd period - Snap shot by Nick Bonino.
12:40 of 3rd period - Stopped by Peter Budaj with a rebound.
12:42 of 3rd period - Slapshot by Chris Neil.
12:42 of 3rd period - Stopped by Peter Budaj without a rebound.
12:43 of 3rd period - Oscar Lindberg wins face-off versus Jan Hlavac in Little Stars zone.
12:45 of 3rd period - Icing by Jared Spurgeon.
12:46 of 3rd period - Nick Bonino wins face-off versus Oscar Lindberg in Little Stars zone.
13:41 of 3rd period - Slapshot by Niklas Hjalmarsson.
13:41 of 3rd period - Stopped by Anders Lindback without a rebound.
13:42 of 3rd period - Jan Hlavac wins face-off versus Hugh Jessiman in Mulligans zone.
13:57 of 3rd period - Wrist shot by Dana Tyrell.
13:57 of 3rd period - Shot Misses the Net.
14:16 of 3rd period - Snap shot by Jonathan Tremblay.
14:16 of 3rd period - Stopped by Peter Budaj without a rebound.
14:17 of 3rd period - Dana Tyrell wins face-off versus Maxime Macenauer in Little Stars zone.
14:19 of 3rd period - Minor Penalty to Justin Faulk for Roughing.
14:20 of 3rd period - Nick Bonino wins face-off versus Sean Avery in Little Stars zone.
14:20 of 3rd period - Wrist shot by Michael Del Zotto.
14:20 of 3rd period - Shot Blocked by Raphael Diaz.
14:22 of 3rd period - Slapshot by Michael Del Zotto.
14:22 of 3rd period - Shot Misses the Net.
14:24 of 3rd period - Snap shot by Jan Hlavac.
14:24 of 3rd period - Stopped by Peter Budaj with a rebound.
14:26 of 3rd period - Wrist shot by Chris Neil.
14:26 of 3rd period - Stopped by Peter Budaj with a rebound.
14:28 of 3rd period - Wrist shot by Nick Bonino.
14:28 of 3rd period - Stopped by Peter Budaj with a rebound.
14:30 of 3rd period - Slapshot by Thomas Hickey.
14:30 of 3rd period - Shot Blocked by Raphael Diaz.
14:32 of 3rd period - Snap shot by Thomas Hickey.
14:32 of 3rd period - Shot Blocked by Raphael Diaz.
14:34 of 3rd period - Wrist shot by Chris Neil.
14:34 of 3rd period - Stopped by Peter Budaj without a rebound.
14:35 of 3rd period - Sean Avery wins face-off versus Nick Bonino in Little Stars zone.
14:50 of 3rd period - Slapshot by Michael Del Zotto.
14:50 of 3rd period - Shot Blocked by Sean Avery.
15:38 of 3rd period - Snap shot by Danny DeKeiser.
15:38 of 3rd period - Goal by Danny DeKeiser - Mulligans : 3 - Little Stars : 4.
15:39 of 3rd period - Sean Avery wins face-off versus Nick Bonino in neutral zone.
16:19 of 3rd period - Penalty to Justin Faulk is over, Justin Faulk is back on ice.
16:40 of 3rd period - Snap shot by Eric Tangradi.
16:40 of 3rd period - Goal by Eric Tangradi - Mulligans : 4 - Little Stars : 4.
16:41 of 3rd period - Chris Neil wins face-off versus Dana Tyrell in neutral zone.
17:06 of 3rd period - Tyler Randell is hit by Jordan Szwarz and loses puck.
17:13 of 3rd period - Snap shot by Sean Avery.
17:13 of 3rd period - Shot Misses the Net.
17:15 of 3rd period - Snap shot by Sean Avery.
17:15 of 3rd period - Stopped by Anders Lindback without a rebound.
17:16 of 3rd period - Dana Tyrell wins face-off versus Nick Bonino in Mulligans zone.
17:19 of 3rd period - Slapshot by Jared Spurgeon.
17:19 of 3rd period - Shot Blocked by Thomas Hickey.
17:21 of 3rd period - Slapshot by Jared Spurgeon.
17:21 of 3rd period - Shot Blocked by Nick Bonino.
17:23 of 3rd period - Wrist shot by Marcus Johansson.
17:23 of 3rd period - Shot Misses the Net.
17:25 of 3rd period - Slapshot by Marcus Johansson.
17:25 of 3rd period - Stopped by Anders Lindback without a rebound.
17:26 of 3rd period - Nick Bonino wins face-off versus Dana Tyrell in Mulligans zone.
17:33 of 3rd period - Slapshot by Nick Bonino.
17:33 of 3rd period - Stopped by Peter Budaj without a rebound.
17:34 of 3rd period - Anton Lander wins face-off versus Dana Tyrell in Little Stars zone.
17:59 of 3rd period - Slapshot by Raphael Diaz.
17:59 of 3rd period - Shot Blocked by Anton Lander.
18:09 of 3rd period - Snap shot by Anton Lander.
18:09 of 3rd period - Shot Misses the Net.
18:11 of 3rd period - Slapshot by Matt Donovan.
18:11 of 3rd period - Shot Misses the Net.
18:13 of 3rd period - Backhand shot by Michael Del Zotto.
18:13 of 3rd period - Stopped by Peter Budaj without a rebound.
18:14 of 3rd period - Dana Tyrell wins face-off versus Nick Bonino in Little Stars zone.
18:45 of 3rd period - Snap shot by Jesse Joensuu.
18:45 of 3rd period - Shot Misses the Net.
18:47 of 3rd period - Wrist shot by Danny DeKeiser.
18:47 of 3rd period - Stopped by Anders Lindback with a rebound.
Goals for this period are 2 for Mulligans vs 1 for Little Stars.
Shots for this period are 13 for Mulligans vs 11 for Little Stars.
Overtime #1
0:01 of 1st overtime period - Sean Avery wins face-off versus Nick Bonino in neutral zone.
0:04 of 1st overtime period - Slapshot by Marcus Johansson.
0:04 of 1st overtime period - Stopped by Anders Lindback with a rebound.
0:06 of 1st overtime period - Snap shot by Marcus Johansson.
0:06 of 1st overtime period - Shot Misses the Net.
0:08 of 1st overtime period - Slapshot by Marcus Johansson.
0:08 of 1st overtime period - Goal by Marcus Johansson - Mulligans : 4 - Little Stars : 5.
Goals for this period are 0 for Mulligans vs 1 for Little Stars.
Shots for this period are 0 for Mulligans vs 2 for Little Stars.
Back to the Top